 Dungeon Crawl Stone Soup version 0.32-a0-799-g95e1662365 (webtiles) character file.

Game seed: 10603689833268523043

164 pokeman the Magician (level 5, -2/29 HPs)
             Began as a Deep Elf Hedge Wizard on Mar 21, 2024.
             Incinerated by a bombardier beetle (4 damage)
             ... with a burning spray
             ... on level 3 of the Dungeon.
             The game lasted 00:04:35 (2417 turns).

pokeman the Magician (Deep Elf Hedge Wizard)        Turns: 2417, Time: 00:04:36

Health: -2/29      AC:  3    Str:  7    XL:     5   Next: 21%
Magic:  16/24      EV: 12    Int: 21    God:
Gold:   115        SH:  0    Dex: 14    Spells: 7/16 levels left

rFire   . . .        r - +0 flail (holy)
rCold   . . .        (no shield)
rNeg    + . .        b - +0 robe
rPois   .            q - +0 helmet
rElec   .            (no cloak)
rCorr   .            (no gloves)
SInv    .            (no boots)
Will    .....        (no amulet)
Stlth   +            e - ring of magical power
HPRegen 0.24/turn    m - ring of positive energy
MPRegen 0.19/turn

%: no passive effects
@: on fire, on blink cooldown, glowing
A: no striking features
a: no special abilities


You were on level 3 of the Dungeon.
You visited 1 branch of the dungeon, and saw 3 of its levels.

You collected 115 gold pieces.

Inventory:

Hand Weapons
 r - a +0 flail of holy wrath (weapon)
Armour
 b - a +0 robe (worn)
 q - a +0 helmet (worn)
Jewellery
 e - a ring of magical power (left hand)
 m - a ring of positive energy (right hand)
Scrolls
 c - a scroll of noise {unknown}
 i - 2 scrolls of amnesia {unknown}
 k - a scroll of silence {unknown}
 l - 2 scrolls of torment {unknown}
 o - a scroll of identify {unknown}
 s - a scroll of vulnerability {unknown}
 t - a scroll of enchant weapon {unknown}
Potions
 a - a potion of enlightenment {unknown}
 d - 2 potions of magic
 f - a potion of brilliance {unknown}
 g - a potion of resistance {unknown}
 h - 2 potions of heal wounds {unknown}
 j - 5 potions of attraction {unknown}
 n - a potion of berserk rage {unknown}
 p - a potion of mutation {unknown}


   Skills:
 - Level 1.0 Fighting
 - Level 1.0 Armour
 - Level 3.0 Dodging
 - Level 3.0 Stealth
 * Level 6.1 Spellcasting
 + Level 2.5 Conjurations
 - Level 1.1 Summonings
 - Level 1.1 Translocations
 + Level 0.3 Fire Magic
 + Level 0.3 Air Magic
 + Level 0.3 Alchemy


You had 7 spell levels left.
You knew the following spells:

 Your Spells              Type           Power      Damage    Failure   Level
a - Magic Dart            Conj           68%        1d6       3%          1
b - Mephitic Cloud        Conj/Alch/Air  11%        N/A       19%         3
c - Call Imp              Summ           22%        N/A       10%         2
d - Blink                 Tloc           22%        N/A       10%         2
e - Foxfire               Conj/Fire      48%        2x1d6     5%          1

Your spell library contained the following spells:

 Spells                   Type           Power      Damage    Failure   Level
 Slow                     Hex            24%        N/A       10%         1
 Cigotuvi's Dreadful Rot  Necr/Alch/Air  14%        N/A       13%         2
 Plasma Beam              Fire/Air       3%         2x1d13    100%        6
 Starburst                Conj/Fire      6%         6d4       100%        6


Dungeon Overview and Level Annotations

Branches:
Dungeon (3/15)

Altars:
The Shining One

Shops:
D:3 :


Message History

You completely miss the bombardier beetle.
The bombardier beetle is almost dead.
The liquid fire burns you!
The foxfire hits the bombardier beetle but does no damage.
The bombardier beetle is almost dead.
The foxfire hits the bombardier beetle but does no damage.
The bombardier beetle is almost dead.
The bombardier beetle misses you.
Your magical contamination has completely faded away.
Casting: Foxfire (safe; 5% risk of failure)
Confirm with . or Enter, or press ? or * to list all spells.
You conjure some foxfire!
The liquid fire burns you!
The bombardier beetle sprays incendiary fluid at you.
The burning spray hits you.
You are even more covered in liquid fire!
Your foxfire dissipates!
You shake off some of the fire as you move.
The liquid fire burns you!
* * * LOW HITPOINT WARNING * * *
The foxfire hits the bombardier beetle but does no damage.
The bombardier beetle is almost dead.
You shake off some of the fire as you move.
The liquid fire burns you!
* * * LOW HITPOINT WARNING * * *
You shake off some of the fire as you move.
The liquid fire burns you!
* * * LOW HITPOINT WARNING * * *
You shake off the liquid fire.
Casting: Foxfire (safe; 5% risk of failure)
Confirm with . or Enter, or press ? or * to list all spells.
You conjure some foxfire!
The bombardier beetle sprays incendiary fluid at you.
The burning spray hits you.
You are covered in liquid fire!
Casting: Foxfire (safe; 5% risk of failure)
Confirm with . or Enter, or press ? or * to list all spells.
You blink.
The liquid fire burns you!
You die...

.# ######.# #......#
#......# ####### #.$....#
####.....###v§....#
#######..........#v..B..#
).......)...⌠..........>#
###.###...∩.....@#.....)#
#.# #.⌠...⌠....#......#
#.# #.)........######.#
#.# #.)........######.####
#.# #....................#
#.####........#.#####.##.#
#....'.......)+. #.....#
########........#.#
##.#.### ...#####........#
#..#.#


You could see a bombardier beetle (ally target).

Vanquished Creatures
  Robin (D:2)
  6 gnolls
  3 adders (D:2)
  2 dart slugs (D:2)
  A ribbon worm (D:3)
  6 orcs (D:3)
  5 bats
  5 giant cockroaches
  9 goblins
  7 hobgoblins
  4 quokkas
  A frilled lizard (D:2)
  4 kobolds
  A rat (D:1)
55 creatures vanquished.

Vanquished Creatures (others)
  97 foxfires (D:3)
97 creatures vanquished.

Grand Total: 152 creatures vanquished

Notes
Turn   | Place    | Note
-------+----------+-------------------------------------------
     0 | D:1      | pokeman the Deep Elf Hedge Wizard began the quest for the
                  | Orb.
     0 | D:1      | Reached XP level 1. HP: 10/10 MP: 7/7
   470 | D:1      | Reached XP level 2. HP: 13/16 MP: 9/9
  1197 | D:2      | Reached skill level 5 in Spellcasting
  1329 | D:2      | Reached XP level 3. HP: 20/20 MP: 11/11
  1333 | D:2      | Learned a level 3 spell: Mephitic Cloud
  1336 | D:2      | Learned a level 2 spell: Call Imp
  1339 | D:2      | Learned a level 2 spell: Blink
  1462 | D:2      | Reached skill level 1 in Armour
  1464 | D:2      | Reached skill level 1 in Fighting
  1468 | D:2      | Reached XP level 4. HP: 10/25 MP: 6/13
  1634 | D:2      | Noticed Robin
  1644 | D:2      | Killed Robin
  1938 | D:3      | Found a glowing golden altar of the Shining One.
  1996 | D:3      | Learned a level 1 spell: Foxfire
  2010 | D:3      | Found Vuni's Vocational Training.
  2103 | D:3      | Reached skill level 6 in Spellcasting
  2108 | D:3      | Reached XP level 5. HP: 23/29 MP: 11/15
  2417 | D:3      | Incinerated by a bombardier beetle

Illustrated notes

Levels and vault maps discovered:
D:1:      minmay_arrival_stair_chambers, layout_basic
D:2:      layout_rooms, uniq_robin
D:3:      layout_basic, grunt_gozag_statues, lemuel_doored_altar,
          nicolae_shop_vocational

Skill      XL: |  1  2  3  4 |
---------------+-------------+-----
Spellcasting   | 5 6 |  6.1
Armour         | 1 |  1.0
Fighting       | 1 |  1.0
Conjurations   | 2 |  2.5
Stealth        | 3 |  3.0
Dodging        | 3 |  3.0
Summonings     | |  1.1
Translocations | |  1.1
Fire Magic     | |  0.3
Air Magic      | |  0.3
Alchemy        | |  0.3

Action                     |  1- 3 |  4- 6 || total
---------------------------+-------+-------++-------
  Melee: Dagger            |     4 |     5 ||     9
         Flail             |       |     3 ||     3
   Cast: Magic Dart        |    75 |    33 ||   108
         Mephitic Cloud    |     2 |       ||     2
         Foxfire           |       |    55 ||    55
         Blink             |       |     1 ||     1
   Stab: Confused          |     1 |       ||     1
 Armour: Robe              |    12 |    15 ||    27
  Dodge: Dodged            |    12 |    18 ||    30

Table legend: (Time is in decaauts)
 A = Elapsed time spent in this place.
 B = Non-inter-level travel time spent in this place.
 C = Inter-level travel time spent in this place.
 D = Time resting spent in this place.
 E = Time spent auto-exploring this place.
 F = Levels seen in this place.
 G = Mean time per level.
                   A        B        C        D        E       F      G
               +--------+--------+--------+--------+--------+-----+--------+
         Total |   2416 |   2337 |     79 |      0 |   2009 |   3 |  805.3 |
       Dungeon |   2416 |   2337 |     79 |      0 |   2009 |   3 |  805.3 |
               +--------+--------+--------+--------+--------+-----+--------+

Top non-repeatable levels by time:
     D:1: 1011 daAuts
     D:2: 885 daAuts
     D:3: 519 daAuts
